 Dungeon Crawl Stone Soup version 0.29.0-7-g18a832c13a (webtiles) character file.

Game seed: 2863680658411925338

445 sanka the Ruffian (level 6, -2/54 (59) HPs)
             Began as a Troll Cinder Acolyte on Aug 30, 2022.
             Was a High Priest of Ignis.
             Slain by a wight
             ... wielding a +0 flail
              (9 damage)
             ... on level 4 of the Dungeon.
             The game lasted 00:02:36 (2075 turns).

sanka the Ruffian (Troll Cinder Acolyte)            Turns: 2075, Time: 00:02:37

HP:   -2/54 (59)    AC:  4    Str: 23    XL:     6   Next: 72%
MP:   6/6           EV:  9    Int: 10    God:    Ignis [*****.]
Gold: 140           SH:  0    Dex:  7    Spells: 7/7 levels left

rFire   + . .      SeeInvis .     - Unarmed
rCold   . . .      Faith    .   (no shield)
rNeg    . . .      Spirit   .   a - +0 robe
rPois   .          Reflect  .   (helmet restricted)
rElec   .          Harm     .   (no cloak)
rCorr   .          Rampage  .   (gloves unavailable)
Will    .....                   (boots unavailable)
Stlth   +.........              (no amulet)
HPRegen 0.98/turn               (no ring)
MPRegen 0.10/turn               (no ring)

@: drained
A: large, unfitting armour, claws 3, regeneration 1, shaggy fur 1, tough skin 1
a: Renounce Religion, Fiery Armour, Foxfire Swarm, Rising Flame


You were on level 4 of the Dungeon.
You worshipped Ignis.
Ignis was extremely pleased with you.
You visited 1 branch of the dungeon, and saw 4 of its levels.

You collected 140 gold pieces.


Innate Abilities, Weirdness & Mutations

You are too large for most types of armour.
You have claws for hands.
Your natural rate of healing is unusually fast.
You are covered in fur. (AC +1)
You have tough skin. (AC +1)


   Skills:
 - Level 2.4 Fighting
 + Level 7.7 Unarmed Combat
 - Level 1.0 Spellcasting
 - Level 2.1 Fire Magic


You had 7 spell levels left.
You didn't know any spells.
Your spell library contained the following spells:

 Spells                   Type           Power      Damage    Failure   Level
 Scorch                   Fire           8%         2d5       22%         2
 Static Discharge         Conj/Air       0%         3-3/arc   45%         2
 Sticky Flame             Conj/Fire      2%         2d3       91%         4
 Dispel Undead            Necr           0%         3d6       98%         4

Inventory:

Missiles
 r - 5 javelins (quivered)
Armour
 a - a +0 robe (worn)
Scrolls
 e - 3 scrolls of immolation {unknown}
 f - 2 scrolls of butterflies {unknown}
 g - 4 scrolls of identify {unknown}
 h - 2 scrolls of blinking {unknown}
 k - a scroll of fear {unknown}
 l - a scroll of vulnerability {unknown}
 m - 2 scrolls of enchant armour {unknown}
 p - a scroll of magic mapping {unknown}
 q - 2 scrolls of poison {unknown}
Potions
 b - 3 potions of mutation {unknown}
 c - 4 potions of flight {unknown}
 d - 3 potions of magic {unknown}
 i - 2 potions of brilliance {unknown}
 j - a potion of lignification {unknown}
 n - a potion of might {unknown}
 o - a potion of haste {unknown}

Dungeon Overview and Level Annotations

Branches:
Dungeon (4/15)
 Temple: D:4-7

Altars:
Fedhas
Sif Muna

.....<.......
...............▒
.......▒▒▒▒▒▒▒..▒▒
...▒....... ....▒▒
...▒.....▒~▒ ....
.)▒▒▒..▒▒▒≈≈▒ ▒...
..▒ ▒..▒ ≈≈≈≈≈ ..▒
..▒▒▒.▒≈≈▒≈≈▒≈▒▒z▒
......▒≈≈≈≈≈≈≈≈▒T▒
..▒▒▒.▒≈≈▒≈≈≈▒≈~.▒
..▒ ▒†▒▒≈≈≈≈≈≈▒▒.▒
..▒ ▒..~≈≈≈▒≈≈▒..▒
..▒ ▒..▒▒▒≈≈▒▒~!.▒.▒
..▒▒▒....▒▒~~......▒
.................▒.▒
▒▒▒▒▒...▒▒▒▒▒▒....!▒
......▒▒ ▒▒▒▒▒▒▒


You could see a wight.


Message History

You claw the wight!
The wight is severely damaged.
The wight hits you with a +0 flail!
You barely miss the wight.
The wight is severely damaged.
The wight hits you with a +0 flail!
* * * LOW HITPOINT WARNING * * *
You feel drained.
* * * LOW HITPOINT WARNING * * *
You scratch the wight but do no damage.
The wight is severely damaged.
You barely miss the wight.
The wight is severely damaged.
The wight hits you with a +0 flail.
* * * LOW HITPOINT WARNING * * *
You feel drained.
* * * LOW HITPOINT WARNING * * *
You barely miss the wight.
The wight is severely damaged.
The wight hits you with a +0 flail.
* * * LOW HITPOINT WARNING * * *
You feel drained.
You scratch the wight but do no damage.
The wight is severely damaged.
The wight hits you with a +0 flail!
* * * LOW HITPOINT WARNING * * *
You barely miss the wight.
The wight is severely damaged.
The wight hits you with a +0 flail!
You die...

Action                   |  1- 3 |  4- 6 || total
-------------------------+-------+-------++-------
Melee: Unarmed           |   127 |   107 ||   234
       Punch             |     3 |     1 ||     4
Armor: Robe              |    57 |    22 ||    79
Dodge: Dodged            |    71 |    29 ||   100

Levels and vault maps discovered:
D:1:      psy_arrival_wood_between_worlds, layout_basic,
          shapermc_ecumenical_altar_petra, grunt_decor_cap, minmay_pentomino_p2
D:2:      layout_rooms
D:3:      layout_basic, gammafunk_temple_overflow_statue, uniq_grinder
D:4:      layout_loops_ring, zin_treasury, minivault_4

Notes
Turn   | Place    | Note
-------+----------+-------------------------------------------
     0 | D:1      | sanka the Troll Cinder Acolyte began the quest for the Orb.
     0 | D:1      | Reached XP level 1. HP: 22/22 MP: 1/1
   143 | D:1      | Reached XP level 2. HP: 29/29 MP: 2/2
   371 | D:1      | Reached skill level 4 in Unarmed Combat
   573 | D:1      | Reached XP level 3. HP: 34/36 MP: 3/3
   697 | D:1      | Found a faded altar of an unknown god.
   978 | D:2      | Reached XP level 4. HP: 44/44 MP: 4/4
   982 | D:2      | Reached skill level 5 in Unarmed Combat
  1357 | D:3      | Noticed Grinder
  1366 | D:3      | Killed Grinder
  1367 | D:3      | Reached skill level 6 in Unarmed Combat
  1367 | D:3      | Reached XP level 5. HP: 32/50 MP: 5/5
  1367 | D:3      | Reached XP level 6. HP: 38/59 MP: 6/6
  1473 | D:3      | Reached skill level 7 in Unarmed Combat
  1615 | D:3      | Found a blossoming altar of Fedhas.
  1615 | D:3      | Found a shimmering blue altar of Sif Muna.
  2075 | D:4      | Slain by a wight

Vanquished Creatures
  Grinder (D:3)
  2 wights (D:4)
  An iguana (D:4)
  2 adders
  5 worms
  2 dart slugs
  6 orcs (D:3)
  5 ball pythons
  8 bats
  10 endoplasms
  3 giant cockroaches
  5 goblins
  8 hobgoblins
  6 jackals
  5 quokkas
  3 frilled lizards
  3 kobolds
  6 rats
81 creatures vanquished.
